TOP OF THE 1ST |
Santa Fe Diablos batting - Pitching for Gainesville Guidos : LHP Bill Moore
|
Pitching: LHP Bill Moore
|
|
Batting: RHB Henning Huisman
|
0-0: Ball 1-0: Swinging Strike 1-1: SOLO HOME RUN (Flyball, 89XD), Distance : 393 ft
|
Batting: LHB Roberto Sandoval
|
0-0: Ball 1-0: Ball 2-0: Called Strike 2-1: Ball 3-1: Base on Balls
|
Batting: RHB Sadayoshi Kato
|
0-0: Ball 1-0: Called Strike 1-1: Swinging Strike 1-2: Foul Ball, location: 2F 1-2: Ball 2-2: Strikes out looking
|
Batting: RHB Randy Sheppard
|
0-0: Swinging Strike 0-1: Ball 1-1: Foul Ball, location: 2F 1-2: Ball 2-2: Strikes out swinging
|
Batting: RHB Roberto Zamora
|
0-0: Called Strike 0-1: Swinging Strike 0-2: Ball 1-2: Foul Ball, location: 2F 1-2: Ball 2-2: Strikes out swinging
|
Top of the 1st over - 1 run(s), 1 hit(s), 0 error(s), 1 left on base; Santa Fe 1 - Gainesville 0 |
BOTTOM OF THE 1ST |
Gainesville Guidos batting - Pitching for Santa Fe Diablos : RHP Darryl Carter
|
Pitching: RHP Darryl Carter
|
|
Batting: SHB Reynaldo Gallegos
|
0-0: Ball 1-0: Ball 2-0: Ball 3-0: Called Strike 3-1: Base on Balls
|
Batting: RHB Victor Andrews
|
0-0: SINGLE (Line Drive, 78S) Reynaldo Gallegos to second
|
Batting: LHB Sergio Barrón
|
0-0: Called Strike 0-1: Foul Ball, location: 2F 0-2: Ball 1-2: Foul Ball, location: 2F 1-2: Fly out, F7 (Line Drive, 8LXD) Runner from 2nd tags up, SAFE at 3rd, no throw
|
Batting: RHB José Fernández
|
0-0: Called Strike 0-1: Ball 1-1: SINGLE (Groundball, 56D) Reynaldo Gallegos scores Victor Andrews to second
|
Batting: LHB Ed Hart
|
0-0: Ball 1-0: Fly out, F9 (Flyball, 9S)
|
Batting: RHB Jason Saunders
|
0-0: Called Strike 0-1: Foul Ball, location: 2F 0-2: Ball 1-2: Strikes out looking
|
Bottom of the 1st over - 1 run(s), 2 hit(s), 0 error(s), 2 left on base; Santa Fe 1 - Gainesville 1 |
TOP OF THE 2ND |
Santa Fe Diablos batting - Pitching for Gainesville Guidos : LHP Bill Moore
|
Batting: RHB Bill Finley
|
0-0: Ball 1-0: Called Strike 1-1: SINGLE (Groundball, 4M)
|
Batting: RHB Ánibal Gonzáles
|
0-0: Foul Ball, location: 2F 0-1: Ball 1-1: Ball Passed Ball! Bill Finley to second 2-1: Ground out 5-3 (Groundball, 5S) Bill Finley to third
|
Batting: RHB Diego Francisco
|
0-0: Reached on error, E5 (Groundball, 5S) Bill Finley scores
|
Batting: LHB Juan Ontiveros
|
0-0: Ball 1-0: Ball 2-0: Ball 3-0: Base on Balls
|
Batting: RHB Henning Huisman
|
0-0: Called Strike 0-1: Foul Ball, location: 2F 0-2: Ball 1-2: SINGLE (Groundball, 6) Diego Francisco to third Juan Ontiveros to second
|
Batting: LHB Roberto Sandoval
|
0-0: Called Strike 0-1: Ball 1-1: Swinging Strike 1-2: Ball 2-2: Grounds into double play, 4-6-3 (Groundball, 4)
|
Top of the 2nd over - 1 run(s), 2 hit(s), 1 error(s), 2 left on base; Santa Fe 2 - Gainesville 1 |
BOTTOM OF THE 2ND |
Gainesville Guidos batting - Pitching for Santa Fe Diablos : RHP Darryl Carter
|
Batting: RHB Noriyori Ine
|
0-0: Ball 1-0: SINGLE (Groundball, 56D)
|
Batting: LHB Mark Owens
|
0-0: Swinging Strike 0-1: Ball 1-1: Ball 2-1: Foul Ball, location: 2F 2-2: Ball 3-2: DOUBLE (Flyball, 7LD) Noriyori Ine to third Runner from 3rd tries for Home, SAFE, no throw or cutoff
|
Batting: LHB António Hernández
|
0-0: Ball 1-0: Ball 2-0: Fly out, F5 (Line Drive, 56)
|
Batting: SHB Reynaldo Gallegos
|
0-0: Called Strike 0-1: Called Strike 0-2: Fly out, F9 (Flyball, 89D)
|
Batting: RHB Victor Andrews
|
0-0: Fly out, F6 (Popup, 6)
|
Bottom of the 2nd over - 1 run(s), 2 hit(s), 0 error(s), 1 left on base; Santa Fe 2 - Gainesville 2 |
TOP OF THE 3RD |
Santa Fe Diablos batting - Pitching for Gainesville Guidos : LHP Bill Moore
|
Batting: RHB Sadayoshi Kato
|
0-0: Ball 1-0: Ball 2-0: Called Strike 2-1: Ball 3-1: Base on Balls
|
Batting: RHB Randy Sheppard
|
0-0: Swinging Strike 0-1: Called Strike 0-2: Ball 1-2: Ball 2-2: Foul Ball, location: 2F 2-2: Foul Ball, location: 2F 2-2: Strikes out swinging
|
Batting: RHB Roberto Zamora
|
0-0: Ball 1-0: Ball 2-0: Fly out, F3 (Popup, 3SF)
|
Batting: RHB Bill Finley
|
0-0: SINGLE (Line Drive, 8LS) Sadayoshi Kato to second
|
Batting: RHB Ánibal Gonzáles
|
0-0: Swinging Strike 0-1: Foul Ball, location: 2F 0-2: Ball 1-2: Ball 2-2: DOUBLE (Line Drive, 9LM) Sadayoshi Kato scores Bill Finley to third
|
Batting: RHB Diego Francisco
|
0-0: Called Strike 0-1: Ball 1-1: 3-RUN HOME RUN (Flyball, 7D), Distance : 359 ft
|
Batting: LHB Juan Ontiveros
|
0-0: Foul Ball, location: 2F 0-1: Foul Ball, location: 2F 0-2: Ball 1-2: Strikes out swinging
|
Top of the 3rd over - 4 run(s), 3 hit(s), 0 error(s), 0 left on base; Santa Fe 6 - Gainesville 2 |
BOTTOM OF THE 3RD |
Gainesville Guidos batting - Pitching for Santa Fe Diablos : RHP Darryl Carter
|
Batting: LHB Sergio Barrón
|
0-0: DOUBLE (Flyball, 78M)
|
Batting: RHB José Fernández
|
0-0: Ball 1-0: Called Strike 1-1: Ball 2-1: SINGLE (Line Drive, 8LS) Sergio Barrón to third
|
Batting: LHB Ed Hart
|
0-0: Fly out, F5 (Popup, 56S)
|
Batting: RHB Jason Saunders
|
0-0: Called Strike 0-1: Foul Ball, location: 2F 0-2: Ball 1-2: Fly out, F9 (Flyball, 9S)
|
Batting: RHB Noriyori Ine
|
0-0: Ball 1-0: Foul Ball, location: 2F 1-1: Swinging Strike 1-2: Strikes out swinging
|
Bottom of the 3rd over - 0 run(s), 2 hit(s), 0 error(s), 2 left on base; Santa Fe 6 - Gainesville 2 |
TOP OF THE 4TH |
Santa Fe Diablos batting - Pitching for Gainesville Guidos : LHP Bill Moore
|
Batting: RHB Henning Huisman
|
0-0: Ball 1-0: Swinging Strike 1-1: Ball 2-1: Foul Ball, location: 2F 2-2: Ball 3-2: Strikes out swinging
|
Batting: LHB Roberto Sandoval
|
0-0: Ball 1-0: Ground out 3-1 (Groundball, 34S)
|
Batting: RHB Sadayoshi Kato
|
0-0: Ball 1-0: Called Strike 1-1: Ball 2-1: Ball 3-1: Base on Balls
|
Batting: RHB Randy Sheppard
|
0-0: Ball 1-0: Ball 2-0: Reached on error, E5 (Groundball, 5S) Sadayoshi Kato to third
|
Batting: RHB Roberto Zamora
|
0-0: Swinging Strike 0-1: Foul Ball, location: 2F 0-2: Ball 1-2: Foul Ball, location: 2F 1-2: Strikes out looking
|
Top of the 4th over - 0 run(s), 0 hit(s), 1 error(s), 2 left on base; Santa Fe 6 - Gainesville 2 |
BOTTOM OF THE 4TH |
Gainesville Guidos batting - Pitching for Santa Fe Diablos : RHP Darryl Carter
|
Batting: LHB Mark Owens
|
0-0: Fly out, F8 (Flyball, 8LM)
|
Batting: LHB António Hernández
|
0-0: Ball 1-0: Foul Ball, location: 2F 1-1: Ball 2-1: Ball 3-1: Swinging Strike 3-2: Fly out, F8 (Flyball, 8RS)
|
Batting: SHB Reynaldo Gallegos
|
0-0: Ball 1-0: Called Strike 1-1: SINGLE (Line Drive, 56)
|
Batting: RHB Victor Andrews
|
0-0: Fly out, F9 (Flyball, 89M)
|
Bottom of the 4th over - 0 run(s), 1 hit(s), 0 error(s), 1 left on base; Santa Fe 6 - Gainesville 2 |
TOP OF THE 5TH |
Santa Fe Diablos batting - Pitching for Gainesville Guidos : LHP Bill Moore
|
Pitching: LHP Mike Scott
|
|
Batting: RHB Bill Finley
|
0-0: Called Strike 0-1: Foul Ball, location: 2F 0-2: Foul Ball, location: 2F 0-2: SINGLE (Groundball, 4M)
|
Batting: RHB Ánibal Gonzáles
|
0-0: Ball 1-0: Ball 2-0: Ball 3-0: Called Strike 3-1: Base on Balls Bill Finley to second
|
Batting: RHB Diego Francisco
|
0-0: Called Strike 0-1: Fly out, F4 (Line Drive, 4)
|
Batting: LHB Juan Ontiveros
|
0-0: Called Strike 0-1: Ball 1-1: Called Strike 1-2: Strikes out looking
|
Batting: RHB Henning Huisman
|
0-0: Ball 1-0: Ball 2-0: Swinging Strike 2-1: Swinging Strike 2-2: Ball 3-2: Base on Balls Bill Finley to third Ánibal Gonzáles to second
|
Batting: LHB Roberto Sandoval
|
0-0: Ball 1-0: Ball 2-0: Ball 3-0: Called Strike 3-1: Foul Ball, location: 2F 3-2: Foul Ball, location: 2F 3-2: Fly out, F9 (Flyball, 9LSF)
|
Top of the 5th over - 0 run(s), 1 hit(s), 0 error(s), 3 left on base; Santa Fe 6 - Gainesville 2 |
BOTTOM OF THE 5TH |
Gainesville Guidos batting - Pitching for Santa Fe Diablos : RHP Darryl Carter
|
Batting: LHB Sergio Barrón
|
0-0: Ball 1-0: Ball 2-0: Called Strike 2-1: Ball 3-1: Foul Ball, location: 2F 3-2: Base on Balls
|
Batting: RHB José Fernández
|
0-0: Foul Ball, location: 2F 0-1: Ball 1-1: Ball 2-1: Swinging Strike 2-2: Ball 3-2: Fly out, F8 (Flyball, 8LXD)
|
Batting: LHB Ed Hart
|
0-0: Called Strike 0-1: Called Strike 0-2: Ball 1-2: Ball 2-2: Foul Ball, location: 2F 2-2: Foul Ball, location: 2F 2-2: Ball 3-2: Foul Ball, location: 2F 3-2: Strikes out swinging
|
Batting: RHB Jason Saunders
|
0-0: Fly out, F9 (Flyball, 9LM)
|
Bottom of the 5th over - 0 run(s), 0 hit(s), 0 error(s), 1 left on base; Santa Fe 6 - Gainesville 2 |
TOP OF THE 6TH |
Santa Fe Diablos batting - Pitching for Gainesville Guidos : LHP Mike Scott
|
Pitching: LHP Pedro Flores
|
|
Batting: RHB Sadayoshi Kato
|
0-0: Called Strike 0-1: Ball 1-1: Ball 2-1: Foul Ball, location: 2F 2-2: Fly out, F9 (Flyball, 89M)
|
Batting: RHB Randy Sheppard
|
0-0: Called Strike 0-1: Ball 1-1: Ball 2-1: Foul Ball, location: 2F 2-2: Foul Ball, location: 2F 2-2: Foul Ball, location: 2F 2-2: Ball 3-2: Foul Ball, location: 2F 3-2: Base on Balls
|
Batting: RHB Roberto Zamora
|
Balk! Randy Sheppard to second 0-0: Called Strike 0-1: Ball 1-1: Swinging Strike 1-2: Ground out 5-3 (Groundball, 56)
|
Batting: RHB Bill Finley
|
0-0: Foul Ball, location: 2F 0-1: Foul Ball, location: 2F 0-2: Ground out 1-3 (Groundball, 15)
|
Top of the 6th over - 0 run(s), 0 hit(s), 0 error(s), 1 left on base; Santa Fe 6 - Gainesville 2 |
BOTTOM OF THE 6TH |
Gainesville Guidos batting - Pitching for Santa Fe Diablos : RHP Darryl Carter
|
Batting: RHB Noriyori Ine
|
0-0: Foul Ball, location: 2F 0-1: Ball 1-1: Foul Ball, location: 2F 1-2: Strikes out looking
|
Batting: LHB Mark Owens
|
0-0: Ball 1-0: Ground out 4-3 (Groundball, 4)
|
Batting: LHB António Hernández
|
0-0: Ball 1-0: Swinging Strike 1-1: Foul Ball, location: 2F 1-2: Ball 2-2: Foul Ball, location: 2F 2-2: Ball 3-2: SINGLE (Groundball, 6MD)
|
Pitching: RHP Clarence Allen
|
|
Batting: SHB Reynaldo Gallegos
|
0-0: Foul Ball, location: 2F 0-1: Called Strike 0-2: Strikes out swinging
|
Bottom of the 6th over - 0 run(s), 1 hit(s), 0 error(s), 1 left on base; Santa Fe 6 - Gainesville 2 |
TOP OF THE 7TH |
Santa Fe Diablos batting - Pitching for Gainesville Guidos : LHP Pedro Flores
|
Batting: RHB Ánibal Gonzáles
|
0-0: Called Strike 0-1: Foul Ball, location: 2F 0-2: Ball 1-2: Ball 2-2: Ball 3-2: Foul Ball, location: 2F 3-2: Foul Ball, location: 2F 3-2: Base on Balls
|
Batting: RHB Diego Francisco
|
0-0: Foul Ball, location: 2F 0-1: Sac Bunt - play at first, batter OUT! 1-4 Ánibal Gonzáles to second
|
Batting: LHB Juan Ontiveros
|
0-0: Called Strike 0-1: Fly out, F3 (Popup, 3F)
|
Batting: RHB Henning Huisman
|
0-0: Foul Ball, location: 2F 0-1: Swinging Strike 0-2: Ball 1-2: Strikes out swinging
|
Top of the 7th over - 0 run(s), 0 hit(s), 0 error(s), 1 left on base; Santa Fe 6 - Gainesville 2 |
BOTTOM OF THE 7TH |
Gainesville Guidos batting - Pitching for Santa Fe Diablos : RHP Clarence Allen
|
Batting: RHB Victor Andrews
|
0-0: Fly out, F7 (Flyball, 7M)
|
Batting: LHB Sergio Barrón
|
0-0: Ball 1-0: Foul Ball, location: 2F 1-1: Ball 2-1: Ground out 6-3 (Groundball, 6M)
|
Batting: RHB José Fernández
|
0-0: Ball 1-0: Ground out 5-3 (Groundball, 56)
|
Bottom of the 7th over - 0 run(s), 0 hit(s), 0 error(s), 0 left on base; Santa Fe 6 - Gainesville 2 |
TOP OF THE 8TH |
Santa Fe Diablos batting - Pitching for Gainesville Guidos : LHP Pedro Flores
|
Batting: LHB Roberto Sandoval
|
0-0: Called Strike 0-1: Ball 1-1: Ball 2-1: Ball 3-1: Base on Balls
|
Pitching: RHP Matt McGinnity
|
|
Batting: RHB Sadayoshi Kato
|
0-0: Ball 1-0: Foul Ball, location: 2F 1-1: Ball 2-1: Called Strike 2-2: Foul Ball, location: 2F 2-2: Foul Ball, location: 2F 2-2: Fly out, F4 (Popup, 4D)
|
Batting: RHB Randy Sheppard
|
0-0: Ball 1-0: Ball 2-0: Called Strike 2-1: Ball 3-1: Swinging Strike 3-2: Base on Balls Roberto Sandoval to second
|
Batting: RHB Roberto Zamora
|
0-0: Ball 1-0: Foul Ball, location: 2F 1-1: Ball 2-1: Ball 3-1: Base on Balls Roberto Sandoval to third Randy Sheppard to second
|
Batting: RHB Bill Finley
|
0-0: Ball 1-0: Called Strike 1-1: Swinging Strike 1-2: Strikes out swinging
|
Batting: RHB Ánibal Gonzáles
|
0-0: Called Strike 0-1: Fly out, F4 (Popup, 4MD)
|
Top of the 8th over - 0 run(s), 0 hit(s), 0 error(s), 3 left on base; Santa Fe 6 - Gainesville 2 |
BOTTOM OF THE 8TH |
Gainesville Guidos batting - Pitching for Santa Fe Diablos : RHP Clarence Allen
|
Batting: LHB Ed Hart
|
0-0: Ground out 4-3 (Groundball, 34)
|
Batting: RHB Jason Saunders
|
0-0: Called Strike 0-1: Foul Ball, location: 2F 0-2: Ball 1-2: Ball 2-2: Ball 3-2: Base on Balls
|
Batting: RHB Noriyori Ine
|
0-0: Called Strike 0-1: Swinging Strike 0-2: Foul Ball, location: 2F 0-2: SINGLE (Line Drive, 8LS) Jason Saunders to second
|
Pitching: LHP Daniel Draper
|
|
Batting: LHB Mark Owens
|
0-0: Called Strike 0-1: Ball 1-1: SINGLE (Groundball, 34S) Jason Saunders to third Noriyori Ine to second Runner from 3rd tries for Home, SAFE, no throw or cutoff
|
Batting: LHB António Hernández
|
0-0: Called Strike 0-1: Ball 1-1: Foul Ball, location: 2F 1-2: DOUBLE (Line Drive, 9LS) Noriyori Ine scores Mark Owens to third
|
Pinch Hitting: RHB Satoru Daikawa
|
0-0: Swinging Strike 0-1: DOUBLE (Line Drive, 7LD) Mark Owens scores António Hernández scores
|
Batting: RHB Victor Andrews
|
0-0: Called Strike 0-1: Foul Ball, location: 2F 0-2: Ball 1-2: Strikes out swinging
|
Pinch Hitting: RHB Pedro Mata
|
0-0: Called Strike 0-1: Ball 1-1: Ball 2-1: Foul Ball, location: 2F 2-2: Foul Ball, location: 2F 2-2: Ball 3-2: Foul Ball, location: 2F 3-2: Foul Ball, location: 2F 3-2: Base on Balls
|
Batting: RHB José Fernández
|
0-0: Ground out 2-3 (Groundball, 2L)
|
Bottom of the 8th over - 4 run(s), 4 hit(s), 0 error(s), 2 left on base; Santa Fe 6 - Gainesville 6 |
TOP OF THE 9TH |
Santa Fe Diablos batting - Pitching for Gainesville Guidos : RHP Matt McGinnity
|
Pitching: LHP Luis López
|
|
Now at 1B: Marcos Villarreal
|
|
Now in CF: Pedro Mata
|
|
Pinch Hitting: RHB Orlando González
|
0-0: Ball 1-0: Swinging Strike 1-1: Foul Ball, location: 2F 1-2: Ball 2-2: Ball 3-2: Strikes out swinging
|
Pinch Hitting: RHB Robinson Pacheco
|
0-0: Ball 1-0: Ball 2-0: Foul Ball, location: 2F 2-1: Swinging Strike 2-2: Ball 3-2: Base on Balls
|
Pinch Runner at 1st Gerardo Álvarez:
|
|
Batting: RHB Henning Huisman
|
0-0: Foul Ball, location: 2F 0-1: Ball 1-1: Reached on Error, E7 (Flyball, 78M) Gerardo Álvarez to second
|
Pinch Hitting: RHB Júlio López
|
0-0: Ball 1-0: Ball 2-0: Swinging Strike 2-1: Ball 3-1: Grounds into double play, 6-4-3 (Groundball, 6M)
|
Top of the 9th over - 0 run(s), 0 hit(s), 1 error(s), 1 left on base; Santa Fe 6 - Gainesville 6 |
BOTTOM OF THE 9TH |
Gainesville Guidos batting - Pitching for Santa Fe Diablos : LHP Daniel Draper
|
Pitching: RHP Tex Perkins
|
|
Now at C: Michael Anderson
|
|
Now at 1B: Júlio López
|
|
Now in LF: Gerardo Álvarez
|
|
Batting: LHB Ed Hart
|
0-0: Called Strike 0-1: Ball 1-1: Called Strike 1-2: Foul Ball, location: 2F 1-2: Strikes out swinging
|
Pinch Hitting: LHB David Murphy
|
0-0: Ball 1-0: Foul Ball, location: 2F 1-1: Ball 2-1: SOLO HOME RUN (Flyball, 89XD), Distance : 405 ft
|
|